 Dungeon Crawl Stone Soup version 0.27.1-2-g3b301248ec (webtiles) character file.

Game seed: 2739270665866442958

1722 pkoi the Carver (level 8, -8/67 (71) HPs)
             Began as a Minotaur Gladiator on Sept 30, 2021.
             Was a Follower of Dithmenos.
             Killed from afar by Maggie (20 damage)
             ... with a bolt of fire
             ... on level 6 of the Dungeon.
             The game lasted 00:08:26 (7856 turns).

pkoi the Carver (Minotaur Gladiator)                Turns: 7856, Time: 00:08:27

HP:   -8/67 (71)    AC:  7    Str: 20    XL:     8   Next: 75%
MP:   7/7           EV: 12    Int:  5    God:    Dithmenos [*.....]
Gold: 291           SH:  0    Dex: 13    Spells: 7/7 levels left

rFire    . . .     SeeInvis .   a - +0 long sword
rCold    . . .     Faith    .   (no shield)
rNeg     + . .     Spirit   .   l - +0 leather armour
rPois    +         Reflect  .   c - +1 hat
rElec    .         Harm     .   (no cloak)
rCorr    .         Rampage  .   (no gloves)
Will     .....                  r - +1 pair of boots {Fly}
Stlth    ++........             (no amulet)
HPRegen  0.21/turn              e - ring of poison resistance
MPRegen  0.10/turn              q - ring of positive energy

@: flying, mesmerised, wreathed by umbra, drained
A: horns 2, retaliatory headbutt
a: Renounce Religion


You were on level 6 of the Dungeon.
You worshipped Dithmenos.
Dithmenos was aware of your devotion.
You visited 1 branch of the dungeon, and saw 6 of its levels.
You also visited: Sewer.

You collected 291 gold pieces.

Inventory:

Hand Weapons
 a - a +0 long sword (weapon)
 b - a +0 hand crossbow
 j - a +2 dagger of venom
Missiles
 d - 3 throwing nets (quivered)
 m - 117 bolts
 n - a curare-tipped dart
Armour
 c - a +1 hat (worn)
 l - a +0 leather armour (worn)
 r - a +1 pair of boots of flying (worn)
Jewellery
 e - a ring of poison resistance (left hand)
 q - a ring of positive energy (right hand)
Scrolls
 f - 6 scrolls of teleportation
 k - 4 scrolls of identify
 o - 2 scrolls of silence
Potions
 g - a potion of mutation
 h - 2 potions of flight
 i - a potion of heal wounds


   Skills:
 + Level 6.4 Fighting
 * Level 10.4 Long Blades
 + Level 1.8 Crossbows
 - Level 2.0 Throwing
 + Level 5.6 Armour
 - Level 3.2 Dodging
 + Level 1.8 Stealth


You had 7 spell levels left.
You didn't know any spells.
Your spell library contained the following spells:

 Spells                   Type           Power      Damage    Failure   Level
 Summon Guardian Golem    Hex/Summ       0%         N/A       88%         3
 Animate Dead             Necr           0%         N/A       99%         4
 Borgnjor's Vile Clutch   Necr/Erth      0%         N/A       100%        5
 Death Channel            Necr           0%         N/A       100%        6
 Orb of Destruction       Conj           0%         N/A       100%        7
 Spellforged Servitor     Conj/Summ      0%         N/A       100%        7


Dungeon Overview and Level Annotations

Branches:
Dungeon (6/15)              Sewer (visited)
 Temple: D:4-7

Altars:
Dithmenos
Fedhas
Kikubaaqudgha
Makhleb

Shops:
D:2 !

Annotations:
D:6 Maggie


Innate Abilities, Weirdness & Mutations

You have a pair of horns on your head.
You reflexively headbutt those who attack you in melee.


Message History

The bolt of fire hits you!!
* * * LOW HITPOINT WARNING * * *
You hit Maggie.
Maggie is moderately wounded.
Maggie hits you with a +2 scimitar of draining!
* * * LOW HITPOINT WARNING * * *
You partially resist.
You feel drained.
You barely miss Maggie.
Maggie is moderately wounded.
Maggie hits you with a +2 scimitar of draining.
* * * LOW HITPOINT WARNING * * *
You partially resist.
You feel drained.
* * * LOW HITPOINT WARNING * * *
You barely miss Maggie.
Maggie is moderately wounded.
Maggie closely misses you.
Unknown command.
You hit Maggie.
Maggie is moderately wounded.
Maggie gestures at you while chanting. The bolt of fire misses you.
Unknown command.
You closely miss Maggie. Your headbutt misses Maggie.
Maggie is moderately wounded.
Unknown command.
You hit Maggie. You headbutt Maggie.
Maggie is heavily wounded.
Maggie barely misses you.
Unknown command.
You hit Maggie but do no damage.
Maggie is heavily wounded.
Maggie hits you with a +2 scimitar of draining.
* * * LOW HITPOINT WARNING * * *
You partially resist.
You feel drained.
Unknown command.
You slash Maggie!
Maggie is severely wounded.
Maggie points at you and mumbles some strange words.
The bolt of fire hits you!!
You die...

#.#....<#.#....
_.#.....##.#.#####.#...#
..#.....##.#.# #.#...#
.......##.#.#####.#....
#.....##.#....)).##.#.
#.....##.##########...
#.....##.# ..........
#...@.##.# ..........
##....@##.# .)......#.
...........# ........#.
############ #######.#.
#.#. #.#. #.#) ## #


You could see Maggie (mesmerising, very poisoned).

Vanquished Creatures
  Eustachio (D:5)
  A steam dragon (D:5)
  2 water moccasins
  A sky beast (D:6)
  A centaur (D:5)
  2 ogres
  2 kobold brigands
  A scorpion (D:5)
  An electric eel (D:6)
  2 centaur skeletons
  4 hounds
  2 jellies
  5 iguanas
  A hound skeleton (D:4)
  6 gnolls
  9 adders
  3 river rats (Sewer)
  2 white imps (D:6)
  An ufetubus (D:3)
  An adder zombie (D:5)
  A worm (D:3)
  3 dart slugs
  2 orcs
  6 ball pythons
  9 endoplasms
  7 giant cockroaches
  3 goblins
  9 hobgoblins
  12 jackals
  6 bats
  8 frilled lizards
  18 kobolds
  12 rats
144 creatures vanquished.

Vanquished Creatures (others)
  A kobold (D:5)
1 creature vanquished.

Grand Total: 145 creatures vanquished

Notes
Turn   | Place    | Note
-------+----------+-------------------------------------------
     0 | D:1      | pkoi the Minotaur Gladiator began the quest for the Orb.
     0 | D:1      | Reached XP level 1. HP: 18/18 MP: 0/0
    94 | D:1      | Reached skill level 4 in Long Blades
   296 | D:1      | Reached XP level 2. HP: 25/25 MP: 1/1
   911 | D:1      | Found a faded altar of an unknown god.
   911 | D:1      | Noticed a shadow demon
  1101 | D:2      | Reached skill level 5 in Long Blades
  1101 | D:2      | Reached XP level 3. HP: 15/30 MP: 2/2
  1671 | D:2      | Found Dausukil's Distillery.
  1888 | D:2      | Reached skill level 6 in Long Blades
  1888 | D:2      | Reached XP level 4. HP: 27/37 MP: 3/3
  2549 | D:3      | Noticed an ogre
  2560 | D:3      | Killed an ogre
  2561 | D:3      | Reached skill level 1 in Armour
  2561 | D:3      | Reached XP level 5. HP: 45/45 MP: 4/4
  2683 | D:3      | Reached skill level 7 in Long Blades
  2871 | D:3      | Found a glowing drain.
  2890 | Sewer    | Entered a sewer
  3154 | Sewer    | Reached XP level 6. HP: 25/52 MP: 5/5
  3363 | Sewer    | Found a white marble altar of Elyvilon.
  3759 | D:3      | Found a shadowy altar of Dithmenos.
  3771 | D:3      | Became a worshipper of Dithmenos the Shadowed
  4262 | D:4      | Noticed a water moccasin
  4271 | D:4      | Killed a water moccasin
  4272 | D:4      | Reached skill level 8 in Long Blades
  4272 | D:4      | Reached XP level 7. HP: 45/60 MP: 6/6
  4954 | D:5      | Entered Level 5 of the Dungeon
  5426 | D:4      | Reached * piety under Dithmenos
  5525 | D:5      | Noticed Eustachio
  5547 | D:5      | Killed Eustachio
  5548 | D:5      | Reached skill level 5 in Fighting
  5548 | D:5      | Reached skill level 9 in Long Blades
  5697 | D:5      | Found an ancient bone altar of Kikubaaqudgha.
  5911 | D:4      | Reached XP level 8. HP: 53/69 MP: 7/7
  6718 | D:5      | Reached skill level 5 in Armour
  7071 | D:6      | Reached skill level 10 in Long Blades
  7071 | D:6      | Reached skill level 1 in Stealth
  7117 | D:6      | Reached skill level 1 in Crossbows
  7245 | D:6      | Found a burning altar of Makhleb.
  7840 | D:6      | Noticed Maggie
  7843 | D:6      | Found a blossoming altar of Fedhas.
  7856 | D:6      | Killed from afar by Maggie

Illustrated notes

Levels and vault maps discovered:
D:1:      wheals_arrival_linesprint, layout_basic,
          dreamdust_ecumenical_altar_sealed_demon
D:2:      layout_rooms, serial_shops, nicolae_shop_statue_plus
D:3:      layout_basic, mainiacjoe_overflow_cross_hatched, portal_sewer_entry_b
D:4:      layout_loops_cross, minmay_misc_feat_enclosed, grunt_tough_drop
D:5:      layout_basic, mainiacjoe_overflow_catwalk,
          hangedman_abyss_or_decor_jellyfish_corner, uniq_eustachio
D:6:      layout_basic, grunt_temple_overflow_open, minivault_4,
          minmay_ruined_shrine, uniq_maggie

Skill      XL: |  1  2  3  4  5  6  7  8 |
---------------+-------------------------+-----
Long Blades    | 4 5 6 7 8 9 10 | 10.4
Fighting       | 3 4 5 6 |  6.4
Armour         | 1 2 3 4 5 |  5.6
Stealth        | 1 |  1.8
Crossbows      | 1 |  1.8
Throwing       | |  2.0
Dodging        | |  3.2

Action                   |  1- 3 |  4- 6 |  7- 9 || total
-------------------------+-------+-------+-------++-------
Melee: Long sword        |    67 |   126 |   140 ||   333
       Headbutt          |    14 |    16 |    26 ||    56
       Dagger            |       |     4 |     8 ||    12
 Fire: Hand crossbow     |       |       |    14 ||    14
  Use: Scroll            |       |     4 |     4 ||     8
       Potion            |       |       |     3 ||     3
 Stab: Sleeping          |       |     1 |     2 ||     3
Armor: Leather armour    |    17 |    27 |    39 ||    83
Dodge: Dodged            |    60 |    78 |    98 ||   236
       Rpst.: Long sword |    23 |    14 |    20 ||    57
